 Dungeon Crawl Stone Soup version 0.32-a0-41-gec2d92a32c (webtiles) character file.

Game seed: 2289575698468492566

9344 pokeman the Eclecticist (level 11, -14/60 HPs)
             Began as a Deep Elf Hedge Wizard on Jan 25, 2024.
             Was a Believer of Vehumet.
             Killed by miscasting Starburst (25 damage)
             ... on level 10 of the Dungeon.
             The game lasted 00:30:04 (11568 turns).

pokeman the Eclecticist (Deep Elf Hedge Wizard)    Turns: 11568, Time: 00:30:04

Health: -14/60     AC: 12    Str:  7    XL:     11   Next: 21%
Magic:  9/32       EV: 12    Int: 24    God:    Vehumet [**....]
Gold:   583        SH:  0    Dex: 14    Spells: 26/40 levels left

rFire   . . .        H - +11 long sword of Erodwoask {heavy, *Slow rElec Will- Stlth+}
rCold   . . .        (no shield)
rNeg    . . .        B - +0 leather armour "Ocicw" {rCorr SInv Stlth-}
rPois   +            c - +0 hat
rElec   +            k - +0 cloak
rCorr   +            (no gloves)
SInv    +            O - +2 pair of boots
Will    .....        (no amulet)
Stlth   ++           o - ring of poison resistance
HPRegen 0.30/turn    w - +4 ring of protection
MPRegen 0.23/turn

%: slow self (1%)
@: lethally poisoned (-14 -> -20), very slightly contaminated
A: no striking features
a: Renounce Religion


You were on level 10 of the Dungeon.
You worshipped Vehumet.
Vehumet was pleased with you.
You visited 2 branches of the dungeon, and saw 12 of its levels.
You also visited: Sewer.

You collected 583 gold pieces.

Inventory:

Hand Weapons
 H - the +11 long sword of Erodwoask (weapon) {heavy, *Slow rElec Will- Stlth+}
   (You found it on level 6 of the Dungeon)

   rElec:     It insulates you from electricity.
   Will-:     It decreases your willpower.
   *Slow:     It may slow you when you take damage.
   Stlth+:    It makes you more stealthy.
 S - a +0 spear of venom
Missiles
 n - a throwing net
 T - a curare-tipped dart
Armour
 c - a +0 hat (worn)
 k - a +0 cloak (worn)
 B - the +0 leather armour "Ocicw" (worn) {rCorr SInv Stlth-}
   (You found it on level 4 of the Dungeon)

   SInv:      It lets you see invisible.
   rCorr:     It protects you from acid and corrosion.
   Stlth-:    It makes you less stealthy.
 O - a +2 pair of boots (worn)
Magical Staves
 N - a staff of fire
Jewellery
 o - a ring of poison resistance (left hand)
 q - a ring of willpower
 r - a +6 ring of dexterity
 w - a +4 ring of protection (right hand)
 y - a ring of flight
 L - a ring of resist corrosion
 R - a +6 ring of dexterity
Wands
 J - a wand of roots (10)
 Q - a wand of mindburst (10)
Scrolls
 f - a scroll of revelation {unknown}
 h - 3 scrolls of noise {unknown}
 i - 4 scrolls of amnesia {unknown}
 j - 4 scrolls of vulnerability {unknown}
 l - 10 scrolls of identify {unknown}
 p - a scroll of silence {unknown}
 t - 2 scrolls of torment {unknown}
 x - 2 scrolls of fear {unknown}
 z - 3 scrolls of blinking {unknown}
 C - 2 scrolls of teleportation {unknown}
 D - 2 scrolls of immolation {unknown}
 E - 4 scrolls of fog {unknown}
 G - a scroll of poison {unknown}
 K - a scroll of brand weapon {unknown}
 M - a scroll of summoning {unknown}
 P - 3 scrolls of enchant weapon {unknown}
Potions
 a - 2 potions of attraction {unknown}
 b - 2 potions of heal wounds {unknown}
 d - 2 potions of magic
 e - 3 potions of enlightenment {unknown}
 g - 2 potions of ambrosia {unknown}
 m - 3 potions of lignification {unknown}
 s - 3 potions of curing
 u - 3 potions of brilliance {unknown}
 v - 2 potions of mutation {unknown}
 A - 2 potions of might {unknown}
 F - 2 potions of degeneration {unknown}
 I - a potion of cancellation {unknown}
 U - a potion of haste {unknown}
 V - a potion of berserk rage {unknown}


   Skills:
 + Level 3.3 Fighting
 - Level 5.1 Armour
 - Level 3.0 Dodging
 - Level 4.0 Stealth
 * Level 15.0 Spellcasting
 + Level 8.8 Conjurations
 - Level 1.1 Summonings
 - Level 1.1 Necromancy
 - Level 1.1 Translocations
 + Level 7.4 Fire Magic
 - Level 1.0 Air Magic
 - Level 1.1 Alchemy
 - Level 1.1 Evocations


You had 26 spell levels left.
You knew the following spells:

 Your Spells              Type           Power      Damage    Failure   Level
a - Magic Dart            Conj           100%       1d8       1%          1
b - Mephitic Cloud        Conj/Alch/Air  35%        N/A       3%          3
c - Call Imp              Summ           46%        N/A       4%          2
d - Blink                 Tloc           46%        N/A       4%          2
e - Starburst             Conj/Fire      27%        6d9       24%         6

Your spell library contained the following spells:

 Spells                   Type           Power      Damage    Failure   Level
 Kiss of Death            Conj/Necr      100%       2d13      1%          1
 Sting                    Conj/Alch      100%       1d9       1%          1
 Dazzling Flash           Conj/Hex       78%        N/A       2%          3
 Volatile Blastmotes      Fire/Tloc      76%        2d16      2%          3
 Slow                     Hex            72%        N/A       4%          1
 Cigotuvi's Dreadful Rot  Necr/Alch/Air  46%        N/A       4%          2
 Mercury Vapours          Alch/Air       46%        N/A       4%          2
 Ensorcelled Hibernation  Hex/Ice        36%        N/A       7%          2
 Fugue of the Fallen      Necr           23%        N/A       9%          3
 Gell's Gravitas          Tloc           23%        N/A       9%          3
 Teleport Other           Tloc           23%        N/A       9%          3
 Frozen Ramparts          Ice            36%        1d6       13%         3
 Olgreb's Toxic Radiance  Alch           23%        N/A       26%         4
 Anguish                  Hex/Necr       10%        N/A       34%         4
 Leda's Liquefaction      Alch/Erth      10%        N/A       34%         4
 Petrify                  Alch/Erth      20%        N/A       34%         4
 Metabolic Englaciation   Hex/Ice        9%         N/A       77%         5
 Dispersal                Tloc           11%        N/A       99%         6
 Maxwell's Capacitive Co  Air            11%        ∞         100%        8


Dungeon Overview and Level Annotations

Branches:
Dungeon (11/15)            Temple (1/1) D:7            Lair (0/5) D:10
  Sewer (visited)
    Orc: D:9-12

Altars:
Ashenzari
Cheibriados
Dithmenos
Elyvilon
Fedhas
Gozag
Hepliaklqana
Kikubaaqudgha
Makhleb
Nemelex Xobeh
Okawaru
Qazlal
Ru
Sif Muna
Trog
Uskayaw
Vehumet
Wu Jian
Xom
Yredelemnul
Zin
The Shining One

Shops:
D:7 *

Annotations:
D:1 1 transporter
D:11 Erica


Message History

The tengu warrior misses you.
The tengu warrior claws you but does no damage.
Erica is engulfed in noxious fumes.
Erica appears confused.
You climb upwards.
You feel very sick.
There is a stone staircase leading down here.
Unknown command.
Unknown command.
Casting: Mephitic Cloud (dangerous; 3% risk of failure)
Confirm with . or Enter, or press ? or * to list all spells.
Aiming: Mephitic Cloud (dangerous; 3% risk of failure)
Press: ? - help, Shift-Dir - straight line, f - wyvern
Aim: a wyvern (chance to affect: 77%)
The ball explodes into a vile cloud!
The stinking cloud engulfs the wyvern.
The stinking cloud engulfs you.
You feel very sick.
The wyvern is engulfed in noxious fumes.
The wyvern closely misses you.
The wyvern is engulfed in noxious fumes.
The wyvern bites you!
Unknown command.
Unknown command.
Casting: Mephitic Cloud (dangerous; 3% risk of failure)
Confirm with . or Enter, or press ? or * to list all spells.
Casting: Starburst (quite dangerous; 24% risk of failure)
Press: ? - help, Dir - look around, f - activate The bolt of fire hits the wyvern!
The wyvern is severely wounded.
You feel sick.
The wyvern is engulfed in noxious fumes.
The wyvern bites you!
* * * LOW HITPOINT WARNING * * *
Casting: Starburst (quite dangerous; 24% risk of failure)
Confirm with . or Enter, or press ? or * to list all spells.
Casting: Starburst (quite dangerous; 24% risk of failure)
Press: ? - help, Dir - look around, f - activate You miscast Starburst.
You are very lightly contaminated with residual magic.
You are caught in a violent explosion!!
You die...

...# #####...........###.........
.#.####.)........................
.#...##.)........####............
.##...))..........##..#..........
..#....)<.......#..#.#..#########
................##.....##...#
........###..##.#§....###...#
.............##.§k#....##...#
........####.###@.##........##
........## #.##..########....####
..#<..#..###.....................
#...#.##...................~..~~.
##..#.######......~~..~~~~≈~..~..
#..#..## #....§≈~~~~~~≈~~~≈~~..
###..#..## #...~~~≈≈≈≈~~..~~≈≈...
.........###......~≈≈≈...~..~≈~..
.........>......~~~~~......~~≈)~~


You could see a wyvern.

Vanquished Creatures
  A two-headed ogre (D:9)
  2 boulder beetles
  A manticore (D:11)
  3 trolls
  A wraith (D:10)
  3 yaks (D:10)
  A vampire (D:10)
  3 steam dragons
  An acid dragon (D:10)
  8 water moccasins
  A black bear (D:3)
  6 orc warriors
  A sky beast (D:8)
  2 ogres (D:5)
  2 wolves (D:10)
  4 centaurs
  2 phantoms (D:4)
  A kobold brigand (D:10)
  3 bullfrogs
  3 gnoll sergeants
  A scorpion (D:4)
  7 wights (D:6)
  4 killer bees (D:4)
  2 howler monkeys (D:7)
  2 jellies
  3 bombardier beetles (D:5)
  9 hounds
  A gnoll bouda (D:6)
  6 orc priests
  5 iguanas
  6 orc wizards
  A hell rat (Sewer)
  23 gnolls
  13 adders
  3 river rats
  2 shadow imps
  4 white imps
  2 ufetubi (D:7)
  3 dart slugs
  6 ribbon worms
  25 orcs
  14 ball pythons
  7 endoplasms
  6 giant cockroaches
  8 goblins
  9 hobgoblins
  5 jackals
  2 quokkas
  4 bats
  3 frilled lizards
  14 kobolds
  16 rats
265 creatures vanquished.

Vanquished Creatures (collateral kills)
  A steam dragon (D:7)
  A water moccasin (D:7)
  A wight (D:6)
  A killer bee (D:4)
4 creatures vanquished.

Vanquished Creatures (others)
  An electric eel (D:10)
1 creature vanquished.

Grand Total: 270 creatures vanquished

Notes
Turn   | Place    | Note
-------+----------+-------------------------------------------
     0 | D:1      | pokeman the Deep Elf Hedge Wizard began the quest for the
                  | Orb.
     0 | D:1      | Reached XP level 1. HP: 10/10 MP: 7/7
     0 | D:1      | Upgraded the game from 0.32-a0-40-g2adb59ae06 to
                  | 0.32-a0-41-gec2d92a32c
   167 | D:1      | Reached XP level 2. HP: 15/15 MP: 4/9
   822 | D:1      | Reached skill level 5 in Spellcasting
  1145 | D:1      | Reached XP level 3. HP: 20/20 MP: 9/11
  1151 | D:1      | Learned a level 3 spell: Mephitic Cloud
  1154 | D:1      | Learned a level 2 spell: Call Imp
  1157 | D:1      | Learned a level 2 spell: Blink
  1374 | D:2      | Reached skill level 1 in Armour
  1472 | D:2      | Reached skill level 1 in Fighting
  2159 | D:2      | Reached XP level 4. HP: 25/25 MP: 9/13
  3026 | D:3      | Noticed a black bear
  3039 | D:3      | Killed a black bear
  3040 | D:3      | Reached skill level 6 in Spellcasting
  3040 | D:3      | Reached skill level 1 in Alchemy
  3040 | D:3      | Reached XP level 5. HP: 26/29 MP: 6/15
  3762 | D:4      | Reached XP level 6. HP: 34/34 MP: 8/17
  3766 | D:4      | Reached skill level 1 in Air Magic
  3767 | D:4      | Reached skill level 7 in Spellcasting
  3872 | D:4      | Reached XP level 7. HP: 35/38 MP: 16/20
  4047 | D:4      | Identified the +0 leather armour "Ocicw" {rCorr SInv
                  | Stlth-}
  4087 | D:4      | Reached skill level 8 in Spellcasting
  4405 | D:4      | Learned a level 6 spell: Starburst
  4834 | D:5      | Entered Level 5 of the Dungeon
  5012 | D:5      | Reached skill level 9 in Spellcasting
  5012 | D:5      | Reached skill level 1 in Fire Magic
  5061 | D:5      | Reached XP level 8. HP: 44/44 MP: 18/23
  5224 | D:5      | Reached skill level 5 in Conjurations
  5378 | D:5      | Reached skill level 10 in Spellcasting
  5708 | D:6      | Found a glowing drain.
  5727 | Sewer    | Entered a sewer
  6013 | D:6      | Identified the +11 long sword of Erodwoask {heavy, *Slow
                  | rElec Will- Stlth+}
  6076 | D:6      | Reached XP level 9. HP: 25/48 MP: 11/25
  6261 | D:6      | Reached skill level 11 in Spellcasting
  6632 | D:6      | Found a radiant altar of Vehumet.
  7077 | D:7      | Reached skill level 1 in Necromancy
  7152 | D:7      | Reached skill level 12 in Spellcasting
  7152 | D:7      | Reached skill level 1 in Evocations
  7176 | D:7      | Reached skill level 5 in Fire Magic
  7486 | D:7      | Found Veurch's Serpentskin Sales.
  7740 | D:7      | Found a staircase to the Ecumenical Temple.
  7744 | Temple   | Entered the Ecumenical Temple
  7784 | D:6      | Became a worshipper of Vehumet
  8305 | D:8      | Reached XP level 10. HP: 48/53 MP: 18/28
  8632 | D:8      | Found a hazy altar of Hepliaklqana.
  8893 | D:8      | Reached skill level 13 in Spellcasting
  9568 | D:9      | Noticed a two-headed ogre
  9577 | D:9      | Killed a two-headed ogre
  9978 | D:9      | Reached * piety under Vehumet
  9978 | D:9      | Offered knowledge of Shock by Vehumet.
 10102 | D:9      | Noticed a boulder beetle
 10334 | D:9      | Killed a boulder beetle
 10335 | D:9      | Reached skill level 5 in Armour
 10335 | D:9      | Reached skill level 14 in Spellcasting
 10510 | D:10     | Entered Level 10 of the Dungeon
 10870 | D:10     | Reached XP level 11. HP: 59/59 MP: 13/31
 10959 | D:10     | Offered knowledge of Kiss of Death by Vehumet.
 10970 | D:10     | Reached ** piety under Vehumet
 11225 | D:10     | Found a staircase to the Lair.
 11290 | D:10     | Found a sparkling altar of Nemelex Xobeh.
 11374 | D:11     | Found a white marble altar of Elyvilon.
 11374 | D:11     | Found a white marble altar of Elyvilon.
 11379 | D:11     | Noticed a boulder beetle
 11389 | D:11     | Killed a boulder beetle
 11390 | D:11     | Reached skill level 15 in Spellcasting
 11394 | D:11     | Noticed a centaur warrior
 11560 | D:11     | Noticed a tengu warrior
 11560 | D:11     | Noticed Erica
 11561 | D:11     | Noticed a two-headed ogre
 11568 | D:10     | Killed by miscasting Starburst

Illustrated notes

Levels and vault maps discovered:
D:1:      spicycebolla_arrival_risky_transporter, layout_loops_ring,
          nicolae_concentric_dashed_squares_mild, kennysheep_small_spiral
D:2:      layout_basic, minivault_5
D:3:      layout_loops_ring
D:4:      nicolae_cairo_tiling_very_big, layout_basic, minmay_joined_circles
D:5:      cheibrodos_helix_gallery, layout_rooms, serial_bayou_pond_d
D:6:      layout_cave_pools, nicolae_vehumet_radiance, lightli_sewer_entry_pipes
D:7:      layout_loops_ring, temple_statues, guppyfry_shop_venom
D:8:      layout_rooms, worldfamousw_hep_ancestral_shrine,
          hangedman_glass_teeth, nicolae_wwwww
D:9:      layout_loops_ring
D:10:     layout_rooms, nicolae_overflow_crystal_walls, erik_lair_island
D:11:     minmay_the_grid_octo_tiled_squarecenter_mashed
          [minmay_the_grid_octo_odd_swirl, minmay_the_grid_octo_checkerflower,
          minmay_the_grid_octo_shrine, minmay_the_grid_octo_fan_narrow,
          minmay_the_grid_square_5x5_megaprize_open,
          minmay_the_grid_square_5x5_tetrominoes,
          minmay_the_grid_square_5x5_checkered,
          minmay_the_grid_square_5x5_minivault,
          minmay_the_grid_square_5x5_minibox], layout_long_grid,
          david_orc_1_choice, minmay_alternating_orb, uniq_erica
Temple:   nicolae_temple_bog_church

Skill      XL: |  1  2  3  4  5  6  7  8  9 10 11 |
---------------+----------------------------------+-----
Spellcasting   | 5 6 7 9 10 12 14 15 | 15.0
Armour         | 1 2 4 5 |  5.1
Fighting       | 1 2 3 |  3.3
Conjurations   | 2 3 4 5 7 8 |  8.8
Dodging        | 3 |  3.0
Stealth        | 3 4 |  4.0
Alchemy        | 1 |  1.1
Air Magic      | 1 |  1.0
Fire Magic     | 1 3 5 7 |  7.4
Necromancy     | 1 |  1.1
Evocations     | 1 |  1.1
Summonings     | |  1.1
Translocations | |  1.1

Action                     |  1- 3 |  4- 6 |  7- 9 | 10-12 || total
---------------------------+-------+-------+-------+-------++-------
  Melee: Dagger            |    11 |       |       |       ||    11
         Hand axe          |    10 |     6 |       |       ||    16
         Mace              |       |    43 |    70 |       ||   113
         Punch             |       |     3 |       |     2 ||     5
         Long sword        |       |       |    76 |    83 ||   159
         Spear             |       |       |       |    14 ||    14
   Cast: Magic Dart        |   109 |    70 |   249 |    52 ||   480
         Mephitic Cloud    |     3 |     8 |    26 |    35 ||    72
         Blink             |     1 |       |     2 |     1 ||     4
         Call Imp          |       |       |     7 |     2 ||     9
         Starburst         |       |       |       |    11 ||    11
    Use: Potion            |       |       |     2 |       ||     2
   Stab: Confused          |     1 |     6 |    15 |     9 ||    31
         Sleeping          |       |       |     4 |       ||     4
 Armour: Robe              |    18 |    25 |       |       ||    43
         Leather armour    |       |       |   147 |   116 ||   263
  Dodge: Dodged            |    15 |    56 |   153 |    96 ||   320

Table legend: (Time is in decaauts)
 A = Elapsed time spent in this place.
 B = Non-inter-level travel time spent in this place.
 C = Inter-level travel time spent in this place.
 D = Time resting spent in this place.
 E = Time spent auto-exploring this place.
 F = Levels seen in this place.
 G = Mean time per level.
                   A        B        C        D        E       F      G
               +--------+--------+--------+--------+--------+-----+--------+
         Total |  11867 |  11344 |    523 |    511 |   8801 |  13 |  912.8 |
       Dungeon |  11663 |  11141 |    522 |    511 |   8638 |  11 | 1060.3 |
        Temple |      1 |      0 |      1 |      0 |      0 |   1 |    1.0 |
         Sewer |    202 |    202 |      0 |      0 |    162 |   1 |  202.0 |
               +--------+--------+--------+--------+--------+-----+--------+

Top non-repeatable levels by time:
     D:9: 1312 daAuts
     D:2: 1294 daAuts
     D:4: 1272 daAuts
     D:6: 1262 daAuts
     D:1: 1242 daAuts
     D:7: 1211 daAuts
     D:8: 1146 daAuts
     D:3: 1060 daAuts
     D:5: 922 daAuts
    D:10: 881 daAuts
   Sewer: 202 daAuts
    D:11: 55 daAuts
  Temple: 1 daAuts
